 Dungeon Crawl Stone Soup version 0.28.0-53-g5a82cb258f (webtiles) character file.

Game seed: 4792382918067730422

86 DocClef the Poker (level 4, 0/33 HPs)
             Began as a Merfolk Gladiator on June 29, 2022.
             Slain by an orc wizard
             ... wielding a +0 dagger
              (2 damage)
             ... on level 2 of the Dungeon.
             The game lasted 00:02:01 (2208 turns).

DocClef the Poker (Merfolk Gladiator)               Turns: 2208, Time: 00:02:02

Health: 0/33       AC: 11    Str: 16    XL:     4   Next: 49%
Magic:  4/4        EV:  5    Int:  7    God:
Gold:   157        SH:  0    Dex: 15    Spells: 3/3 levels left

rFire   . . .      SeeInvis .   a - +0 trident
rCold   . . .      Faith    .   (no shield)
rNeg    . . .      Spirit   .   j - +0 plate armour
rPois   .          Reflect  .   c - +0 helmet
rElec   .          Harm     .   (no cloak)
rCorr   .          Rampage  .   (no gloves)
Will    .....                   (no boots)
Stlth   ..........              (no amulet)
HPRegen 0.11/turn               m - ring of flight
MPRegen 0.09/turn               (no ring)

@: flying
A: (nimble swimmer 2), mertail
a: no special abilities


You were on level 2 of the Dungeon.
You visited 1 branch of the dungeon, and saw 3 of its levels.

You collected 157 gold pieces.

Inventory:

Hand Weapons
 a - a +0 trident (weapon)
Missiles
 d - 3 throwing nets (quivered)
Armour
 b - a +0 leather armour
 c - a +0 helmet (worn)
 j - a +0 plate armour (worn)
Jewellery
 m - a ring of flight (left hand)
 n - a +4 ring of slaying
Scrolls
 e - 3 scrolls of identify {unknown}
 g - 2 scrolls of teleportation {unknown}
 k - a scroll of vulnerability {unknown}
 l - 2 scrolls of magic mapping {unknown}
Potions
 f - a potion of lignification {unknown}
 h - a potion of mutation {unknown}
 i - a potion of resistance {unknown}


   Skills:
 - Level 2.1 Fighting
 + Level 7.5 Polearms
 - Level 2.0 Throwing
 - Level 4.0 Dodging


You had 3 spell levels left.
You didn't know any spells.
Your spell library contained the following spells:

 Spells                   Type           Power      Damage    Failure   Level
 Sublimation of Blood     Necr           0%         N/A       100%        2
 Wereblood                Tmut           0%         N/A       100%        2
 Summon Hydra             Summ           0%         N/A       100%        7


Dungeon Overview and Level Annotations

Branches:
Dungeon (3/15)

Altars:
Beogh

Shops:
D:1 [


Innate Abilities, Weirdness & Mutations

((You are very nimble when in or above water. (Stealth+, EV+, Speed+++)))
Your lower body shifts to a powerful aquatic tail in water.


Message History

A magic dart appears from out of thin air!
Deactivating autopickup; reactivate with Ctrl-A.
The magic dart hits you but does no damage.
The orc barely misses you.
You hit the orc.
The orc is heavily wounded.
The orc hits you but does no damage. x2; Something hits you but does no damage.
The orc hits you but does no damage. x2
You bump into the rock wall.
You feel less confused. The orc hits you with a +0 dagger. Something hits you.
The orc hits you but does no damage.
You hit the orc but do no damage. The orc hits you but does no damage.
Something hits you.
* * * LOW HITPOINT WARNING * * *
The orc hits you but does no damage.
Unknown command.
You hit the orc.
The orc is heavily wounded.
The orc hits you but does no damage. Something hits you but does no damage.
The orc hits you but does no damage.
You barely miss the orc.
The orc is heavily wounded.
The orc hits you but does no damage. Something hits you but does no damage.
The orc hits you with a +0 club.
* * * LOW HITPOINT WARNING * * *
Unknown command.
You barely miss the orc.
The orc is heavily wounded.
The orc hits you but does no damage. Something hits you.
* * * LOW HITPOINT WARNING * * *
The orc hits you but does no damage.
You hit the orc.
You kill the orc!
Something hits you but does no damage. The orc hits you with a +0 club.
* * * LOW HITPOINT WARNING * * *
Unknown command.
The orc throws a boomerang.
The boomerang barely misses you. Something hits you.
You die...

####################
#########
#..@................
........#
#.)......###########
#####...#
#.o......รท...)......
#...#
#........###########
#...# #........#
#####...# #........#
........# #........#
#####...# #........#
#...######........#


You could see an orc.

Vanquished Creatures
  An adder (D:3)
  A worm (D:2)
  2 dart slugs
  7 orcs
  5 endoplasms
  A giant cockroach (D:1)
  8 hobgoblins
  4 jackals
  2 quokkas
  2 ball pythons
  6 bats
  4 frilled lizards
  7 goblins
  4 kobolds
  3 rats
57 creatures vanquished.

Notes
Turn   | Place    | Note
-------+----------+-------------------------------------------
     0 | D:1      | DocClef the Merfolk Gladiator began the quest for the Orb.
     0 | D:1      | Reached XP level 1. HP: 16/16 MP: 1/1
   316 | D:1      | Reached skill level 5 in Polearms
   316 | D:1      | Reached XP level 2. HP: 17/22 MP: 2/2
   930 | D:1      | Found Zerail's Antique Armour Shoppe.
  1034 | D:1      | Reached skill level 6 in Polearms
  1034 | D:1      | Reached XP level 3. HP: 26/27 MP: 3/3
  1758 | D:2      | Found a faded altar of an unknown god.
  1841 | D:2      | Reached XP level 4. HP: 33/33 MP: 4/4
  1894 | D:2      | Reached skill level 7 in Polearms
  2208 | D:2      | Slain by an orc wizard

Illustrated notes

Levels and vault maps discovered:
D:1:      erik_arrival_cave_to_civilisation [erik_arrival_cave_to_hall],
          layout_basic, serial_shops, shop_coins,
          chequers_serial_rivers_small_b, minmay_vboxes
D:2:      layout_basic, hellmonk_ecumenical_altar_defaced_shrine
D:3:      layout_basic, mainiacjoe_overflow_alcove_3, minmay_close_crescents

Skill      XL: |  1  2  3  4 |
---------------+-------------+-----
Polearms       | 5 6 7 |  7.5
Fighting       | |  2.1
Throwing       | |  2.0
Dodging        | |  4.0

Action                   |  1- 3 |  4- 6 || total
-------------------------+-------+-------++-------
Melee: Trident           |   115 |    53 ||   168
       Punch             |     1 |       ||     1
 Stab: Sleeping          |     1 |       ||     1
Armor: Leather armour    |    14 |       ||    14
       Plate armour      |    24 |    46 ||    70
Dodge: Dodged            |    40 |    13 ||    53
